 Dungeon Crawl Stone Soup version 0.25-a0-558-g78a2afb0af (webtiles) character file.

Game seed: 6349348995913444302, levelgen mode: deterministic

5507 Conn the Covert (level 10, -3/75 HPs)
             Began as a Vampire Berserker on Feb 24, 2020.
             Was a High Priest of Trog.
             Slain by a polar bear (17 damage)
             ... on level 8 of the Dungeon.
             The game lasted 00:25:39 (7194 turns).

Conn the Covert (Vampire Berserker)                 Turns: 7194, Time: 00:25:39

Health: -3/75      AC: 12    Str: 16 (19) XL:     10   Next: 42%
Magic:  10/10      EV: 14    Int: 11 (12) God:    Trog [*****.]
Gold:   417        SH:  9    Dex: 18 (19) Spells: 9/9 levels left

rFire    + . .     SeeInvis +   D - +4 rapier (vorpal)
rCold    . . .     Gourm    .   z - +0 kite shield
rNeg     . . .     Faith    .   g - +4 ring mail {rPois}
rPois    +         Spirit   .   j - +1 helmet
rElec    .         Reflect  .   (no cloak)
rCorr    .         Harm     .   (no gloves)
MR       ++...                  (no boots)
Stlth    ++++......             (no amulet)
HPRegen  0.42/turn              f - +5 ring of dexterity
MPRegen  0.12/turn              s - ring of protection from fire

@: regenerating quickly
A: no food, fangs 3, repulsion field 1, see invisible, clever 1, magic
resistance 1, unbreathing
a: Exsanguinate, Berserk, Trog's Hand, Brothers in Arms, Renounce Religion


You were on level 8 of the Dungeon.
You worshipped Trog.
Trog was extremely pleased with you.
You were alive.

You visited 1 branch of the dungeon, and saw 8 of its levels.

You collected 417 gold pieces.

Inventory:

Hand Weapons
 a - a +3 trident of venom
 b - a +2 shortbow of flaming
 h - a +2 short sword of venom
 i - the +9 dagger of the Shoals {freeze, +Fly rN+ Str-2}
   (You found it on level 6 of the Dungeon)

   It has been specially enchanted to freeze those struck by it, causing extra
   injury to most foes and up to half again as much damage against particularly
   susceptible opponents.
   It can also slow down cold-blooded creatures.
   It affects your strength (-2).
   It protects you from negative energy.
   It lets you fly.
 n - a +0 spear
 p - the +9 dire flail of Etteob {vorpal, Dex+4}
   (Trog gifted it to you on level 6 of the Dungeon)

   It inflicts extra damage upon your enemies.
   It affects your dexterity (+4).
 r - a +0 hand crossbow
 y - a +2 vorpal flail
 B - a +2 vorpal hunting sling
 D - a +4 vorpal rapier (weapon)
Missiles
 k - 32 poisoned darts (quivered)
 v - 56 arrows
 C - 36 sling bullets
Armour
 g - a +4 ring mail of poison resistance (worn)
 j - a +1 helmet (worn)
 u - a +0 animal skin
 z - a +0 kite shield (worn)
Jewellery
 f - a +5 ring of dexterity (left hand)
 s - a ring of protection from fire (right hand)
 E - an uncursed ring of ice
Wands
 t - a wand of polymorph (9)
Scrolls
 c - 5 scrolls of teleportation
 d - 3 scrolls of remove curse
 e - 8 scrolls of identify
Potions
 m - 2 potions of curing


   Skills:
 + Level 5.6 Fighting
 + Level 6.5 Short Blades
 + Level 1.0 Maces & Flails
 + Level 7.4 Polearms
 + Level 0.6 Throwing
 + Level 5.2 Armour
 + Level 6.1 Dodging
 + Level 9.6 Stealth
 * Level 3.1 Shields


You had 9 spell levels left.
You didn't know any spells.
Your spell library was empty.

Dungeon Overview and Level Annotations

Branches:
Dungeon (8/15)             Temple (0/1) D:5
   Lair: D:8-11

Altars:
Elyvilon
Qazlal
Vehumet
The Shining One

Annotations:
D:7 1 transporter, hemabe's ghost, novice HuAr


Innate Abilities, Weirdness & Mutations

You do not eat.
Your natural rate of healing is unusually fast.
You have razor-sharp teeth.
You have supernaturally acute eyesight. (SInv)
You can survive without breathing.
You are surrounded by a mild repulsion field. (EV +2)
Your mind is acute. (Int +2)
You are resistant to hostile enchantments. (MR+)


Message History

The polar bear claws you but does no damage.
The polar bear closely misses you. The polar bear bites you.
* * * LOW HITPOINT WARNING * * *
You block the polar bear's attack. The polar bear barely misses you.
You closely miss the polar bear.
The polar bear is almost dead.
The polar bear goes berserk!
You block the polar bear's attack. The polar bear completely misses you.
The polar bear claws you but does no damage.
Okay, then.
Okay, then.
Okay, then.
Okay, then.
Okay, then.
Unknown command.
Unknown command.
You hit the polar bear.
The polar bear is almost dead.
The polar bear bites you!
You die...

. .................#####.... ..
...#.....##.....####.).##. ...
###...#...........#####
...############..........####
...........h.h..Z........#######
....?.......h.##hY...........[.#
.........†.h.###Yh......######..#
.#.###''YY######h########
#....hhYh#..h@†# #.....Yh.#.....#
#..(..?..#.....# #........#.....#
#........#.....# ##########.....#
#.....# #.....#


You could see 2 polar bears, 2 yaks, a black bear, a hound and a bullfrog
skeleton.

Vanquished Creatures
  Pikel (D:6)
  A manticore (D:8)
  Joseph (D:7)
  A dream sheep (D:8)
  2 hogs (D:8)
  Edmund (D:5)
  2 swamp worms (D:7)
  2 orc warriors
  A slave (D:6)
  2 ice beasts
  6 ogres
  2 centaurs
  3 bullfrogs
  A gnoll sergeant (D:7)
  2 water moccasin skeletons
  5 scorpions
  5 wights (D:8)
  5 killer bees (D:7)
  4 crimson imps
  A quasit (D:5)
  A bullfrog skeleton (D:6)
  2 centaur skeletons
  4 hounds
  A jelly (D:8)
  7 orc priests
  3 iguanas
  11 orc wizards
  3 worker ants
  A hound skeleton (D:7)
  A hound zombie (D:7)
  12 gnolls
  12 adders
  4 oozes
  An adder zombie (D:6)
  6 worms
  2 dart slugs
  5 leopard geckos
  30 orcs
  A ball python (D:3)
  12 bats
  7 giant cockroaches
  4 hobgoblins
  12 jackals
  10 kobolds
  5 quokkas
  6 frilled lizards
  7 goblins
  A quokka skeleton (D:4)
  7 rats
226 creatures vanquished.

Vanquished Creatures (others)
  An orc wizard (D:6)
  An orc (D:6)
  2 jackals (D:6)
  4 plants (D:7)
8 creatures vanquished.

Grand Total: 234 creatures vanquished

Notes
Turn   | Place    | Note
-------+----------+-------------------------------------------
     0 | D:1      | Conn the Vampire Berserker began the quest for the Orb.
     0 | D:1      | Reached XP level 1. HP: 17/17 MP: 1/1
   114 | D:1      | Reached XP level 2. HP: 10/18 MP: 2/2
   785 | D:2      | Reached XP level 3. HP: 18/23 MP: 3/3
   790 | D:2      | Reached ** piety under Trog
   839 | D:2      | Reached skill level 1 in Stealth
   942 | D:2      | Reached XP level 4. HP: 9/28 MP: 4/4
  1299 | D:2      | Reached skill level 1 in Short Blades
  1595 | D:3      | Noticed an ogre
  1606 | D:3      | Killed an ogre
  1606 | D:3      | Reached skill level 2 in Stealth
  1606 | D:3      | Reached XP level 5. HP: 29/32 MP: 5/5
  1623 | D:3      | Reached *** piety under Trog
  1668 | D:3      | Reached XP level 6. HP: 37/37 MP: 6/6
  1801 | D:3      | Reached skill level 3 in Stealth
  2313 | D:4      | Reached skill level 4 in Stealth
  2633 | D:4      | Reached XP level 7. HP: 42/42 MP: 7/7
  2707 | D:4      | Reached skill level 5 in Stealth
  2923 | D:4      | Reached **** piety under Trog
  3337 | D:5      | Entered Level 5 of the Dungeon
  3852 | D:4      | Reached skill level 5 in Polearms
  4046 | D:5      | Found a staircase to the Ecumenical Temple.
  4149 | D:5      | Reached XP level 8. HP: 40/48 MP: 8/8
  4193 | D:5      | Found a glowing golden altar of the Shining One.
  4205 | D:5      | Found a radiant altar of Vehumet.
  4232 | D:5      | Found a white marble altar of Elyvilon.
  4252 | D:5      | Reached skill level 6 in Stealth
  4262 | D:5      | Noticed Edmund
  4274 | D:5      | Killed Edmund
  4509 | D:5      | Gained mutation: You are resistant to hostile enchantments.
                  | (MR+) [potion of mutation]
  4509 | D:5      | Gained mutation: Your mind is acute. (Int +2) [potion of
                  | mutation]
  4509 | D:5      | Gained mutation: You are surrounded by a mild repulsion
                  | field. (EV +2) [potion of mutation]
  4725 | D:5      | Found a stormy altar of Qazlal.
  4828 | D:6      | Reached skill level 7 in Stealth
  4843 | D:6      | Got a faintly glowing dagger
  4844 | D:6      | Identified the +9 dagger of the Shoals {freeze, +Fly rN+
                  | Str-2} (You found it on level 6 of the Dungeon)
  4952 | D:6      | Noticed Pikel
  4986 | D:6      | Killed Pikel
  4986 | D:6      | Reached XP level 9. HP: 54/66 MP: 9/9
  5140 | D:6      | Reached ***** piety under Trog
  5140 | D:6      | Received a gift from Trog
  5152 | D:6      | Reached skill level 5 in Dodging
  5170 | D:6      | Got a translucent dire flail {god gift}
  5171 | D:6      | Identified the +9 dire flail of Etteob {vorpal, Dex+4}
                  | (Trog gifted it to you on level 6 of the Dungeon)
  5694 | D:7      | Reached skill level 8 in Stealth
  5714 | D:7      | Reached skill level 5 in Fighting
  5727 | D:7      | Found a transporter.
  5727 | D:7      | Noticed hemabe's ghost (novice HuAr)
  6148 | D:7      | Reached skill level 1 in Maces & Flails
  6290 | D:7      | Reached skill level 1 in Shields
  6316 | D:7      | Reached skill level 5 in Armour
  6408 | D:7      | Noticed Joseph
  6411 | D:7      | Killed Joseph
  6411 | D:7      | Reached skill level 5 in Short Blades
  6791 | D:7      | Reached skill level 9 in Stealth
  6797 | D:7      | Reached XP level 10. HP: 51/74 MP: 10/10
  6840 | D:7      | Received a gift from Trog
  7103 | D:8      | Found a huge runed translucent gate.
  7104 | D:8      | Found a huge runed translucent gate.
  7104 | D:8      | Noticed a manticore
  7105 | D:8      | Found a huge runed translucent gate.
  7106 | D:8      | Found a huge runed translucent gate.
  7161 | D:8      | Killed a manticore
  7194 | D:8      | Slain by a polar bear

Levels and vault maps discovered:
D:1:      evilmike_arrival_plus, layout_basic, kennysheep_boxes
D:2:      layout_rooms, first_ration
D:3:      layout_loops_ring
D:4:      layout_layer_cave, minivault_11, st_stairs_10
D:5:      layout_cave_pools, gammafunk_temple_overflow_forgotten,
          lemuel_crystal_altar, minmay_temple_entry_sparse_star, uniq_edmund
D:6:      layout_basic, uniq_pikel
D:7:      layout_basic, gammafunk_ghost_smash, worms_lemuel, uniq_joseph
D:8:      lemuel_bear_cage, layout_rooms, okawaru_metal_pillars_1_2,
          serial_glass, glass_columns_a, glass_columns_a, sword_in_stone

Skill      XL: |  1  2  3  4  5  6  7  8  9 10 |
---------------+-------------------------------+-----
Polearms       | 3 4 5 7 |  7.4
Fighting       | 3 4 5 |  5.6
Stealth        | 1 2 4 5 7 9 |  9.6
Dodging        | 3 4 5 6 |  6.1
Short Blades   | 2 3 5 6 |  6.5
Armour         | 2 3 4 5 |  5.2
Maces & Flails | 1 |  1.0
Shields        | 1 3 |  3.1
Throwing       | |  0.6

Action                   |  1- 3 |  4- 6 |  7- 9 | 10-12 || total
-------------------------+-------+-------+-------+-------++-------
Melee: Spear             |    49 |       |       |       ||    49
       Bite              |     9 |    25 |    43 |    13 ||    90
       Short sword       |    42 |   100 |       |       ||   142
       Trident           |       |    73 |   164 |       ||   237
       Dagger            |       |       |   198 |    18 ||   216
       Dire flail        |       |       |     6 |       ||     6
       Rapier            |       |       |       |   121 ||   121
Throw: Dart              |       |       |     5 |       ||     5
Invok: Trog's Hand       |       |       |     1 |       ||     1
 Abil: Exsanguinate      |     1 |       |       |       ||     1
       Revivify          |       |       |     1 |       ||     1
  Use: Potion            |       |       |     8 |     3 ||    11
       Scroll            |       |       |    10 |     3 ||    13
 Stab: Sleeping          |     3 |    15 |    26 |     1 ||    45
       Distracted        |     1 |       |       |       ||     1
       Invisible         |       |       |     1 |       ||     1
Armor: Animal skin       |    11 |       |       |       ||    11
       Ring mail         |    29 |    55 |   115 |    22 ||   221
       Skin              |       |       |       |    61 ||    61
Dodge: Dodged            |    71 |    86 |   260 |    57 ||   474
Block: Kite shield       |       |       |    21 |    77 ||    98

Table legend:
 A = Non-vault XP
 B = Vault XP
 C = Vault XP percentage of total XP
 D = Non-vault monster count
 E = Vault monster count
 F = Vault count percentage of total count
                 A         B        C        D         E       F
            +---------+---------+-------+---------+---------+-------
      Total |    4994 |    2874 |  36.5 |     213 |      13 |   5.8
            +---------+---------+-------+---------+---------+-------
        D:1 |      27 |       0 |   0.0 |      18 |       0 |   0.0
        D:2 |     136 |       0 |   0.0 |      34 |       0 |   0.0
        D:3 |     346 |       0 |   0.0 |      37 |       0 |   0.0
        D:4 |     669 |      10 |   1.5 |      24 |       2 |   7.7
        D:5 |     760 |     164 |  17.7 |      19 |       1 |   5.0
        D:6 |    1089 |     641 |  37.1 |      29 |       1 |   3.3
        D:7 |    1117 |     800 |  41.7 |      34 |       3 |   8.1
        D:8 |     850 |    1259 |  59.7 |      18 |       6 |  25.0
            +---------+---------+-------+---------+---------+-------
